 Dungeon Crawl Stone Soup version 0.18.1-50-g88ac8fd (webtiles) character file.

217 Ilten the Skirmisher (level 5, -1/42 HPs)
             Began as a Demonspawn Abyssal Knight on Apr 2, 2017.
             Was a Believer of Lugonu.
             Slain by an orc priest
             ... wielding a +0 mace
              (6 damage)
             ... on level 4 of the Dungeon.
             The game lasted 00:27:29 (4404 turns).

Ilten the Skirmisher (Demonspawn Abyssal Knight)    Turns: 4404, Time: 00:27:29

Health: -1/42      AC: 10    Str: 13    XL:     5   Next: 62%
Magic:  7/7        EV: 12    Int: 14    God:    Lugonu [**....]
Gold:   211        SH:  0    Dex: 20    Spells: 0 memorised, 4 levels left

rFire  . . .     SeeInvis .     g - +0 dagger (venom)
rCold  . . .     Gourm    .     y - +0 chain mail
rNeg   . . .     Faith    .     (no shield)
rPois  .         Spirit   .     (helmet restricted)
rElec  .         Dismiss  .     (no cloak)
rCorr  .         Reflect  .     (no gloves)
SustAt .         Harm     .     m - +0 pair of boots
MR     .....                    (no amulet)
Stlth  ..........               (no ring)
                                q - +3 ring of dexterity

@: agile, about to teleport, not resistant to hostile enchantments, extremely
unstealthy
A: antennae 1, powered by pain 1, rot immunity
a: Depart the Abyss, Bend Space, Renounce Religion


You were on level 4 of the Dungeon.
You worshipped Lugonu.
Lugonu was pleased with you.
You were not hungry.

You visited 1 branch of the dungeon, and saw 4 of its levels.
You visited the Abyss 1 time.

You collected 211 gold pieces.

Inventory:

Hand Weapons
 a - a +1 falchion
 g - a +0 dagger of venom (weapon)
Missiles
 h - 63 stones (quivered)
Armour
 m - a +0 pair of boots (worn)
 y - a +0 chain mail (worn)
Jewellery
 q - a +3 ring of dexterity (left hand)
Scrolls
 e - a scroll of amnesia {unknown}
 f - 2 scrolls of random uselessness {unknown}
 j - a scroll of noise {unknown}
 n - 4 scrolls of teleportation
 s - 3 scrolls of identify
 t - a scroll of recharging {unknown}
 v - a scroll of remove curse
 x - a scroll of enchant armour {unknown}
Potions
 b - a potion of ambrosia {unknown}
 c - 2 potions of flight
 i - a potion of brilliance {unknown}
 k - a potion of lignification {unknown}
 l - a potion of curing {unknown}
 p - 2 potions of haste {unknown}
 r - a potion of agility {unknown}
 u - a potion of degeneration {unknown}
Comestibles
 d - 2 meat rations
 o - a bread ration
 w - a beef jerky


   Skills:
 * Level 3.8 Fighting
 + Level 2.5 Long Blades
 - Level 1.5 Throwing
 * Level 3.1 Armour
 + Level 2.1 Dodging
 - Level 0.4 Stealth
 * Level 3.1 Invocations


You had 4 spell levels left.
You didn't know any spells.

Dungeon Overview and Level Annotations

Branches:
Dungeon (4/15)
 Temple: D:4-7

Altars:
Ashenzari
Dithmenos
Qazlal
Vehumet


Innate Abilities, Weirdness & Mutations

You have a pair of small antennae on your head.
You sometimes gain a little power by taking damage.
You are immune to rotting.


Message History

The orc priest hits you with a mace.
You hit the orc priest.
The orc priest is moderately wounded.
The orc barely misses you.
You closely miss the orc priest.
The orc priest is moderately wounded.
The orc priest hits you but does no damage.
You hit the orc priest.
The orc priest is poisoned.
The orc priest is heavily wounded.
The orc hits you but does no damage.
The orc priest mumbles some strange prayers to Beogh against you.
Beogh smites you!
* * * LOW HITPOINT WARNING * * *
You focus on the pain.
You feel agile all of a sudden.
Read which item? (? for menu, Esc to quit)
As you read the scroll of teleportation, it crumbles to dust.
You feel strangely unstable. The orc hits you but does no damage.
The orc priest hits you with a mace.
You die...

{ ..#
#########..#
#.......#..#
#.....#.#..#
#####.#.#(.#
#.......#..#
#......<)o>#
##......@o.#
#.........#
#.........#
#####$.......#
#........#
#........#
#........#
#...).(..#
#........#


You could see an orc priest and an orc.

Vanquished Creatures
  2 orc wizards
  9 adders
  A worm (D:3)
  A giant gecko (D:1)
  4 orcs (D:3)
  A ball python (D:1)
  6 giant cockroaches
  7 hobgoblins
  4 jackals (D:2)
  A quokka (D:3)
  13 bats
  4 giant newts
  5 goblins
  9 kobolds
  7 rats
74 creatures vanquished.

Notes
Turn   | Place    | Note
--------------------------------------------------------------
     0 | Abyss:1  | Ilten the Demonspawn Abyssal Knight began the quest for the Orb.
     0 | Abyss:1  | Reached XP level 1. HP: 18/18 MP: 2/2
     0 | D:1      | Escaped the Abyss
   710 | D:1      | Gained mutation: You sometimes gain a little power by taking damage. [demonic ancestry]
   710 | D:1      | Reached XP level 2. HP: 22/24 MP: 3/3
   810 | D:1      | Reached * piety under Lugonu
  1612 | D:1      | Reached skill level 1 in Dodging
  1887 | D:2      | Gained mutation: You are immune to rotting. [demonic ancestry]
  1887 | D:2      | Reached XP level 3. HP: 15/29 MP: 5/5
  2245 | D:2      | Reached skill level 1 in Throwing
  2575 | D:2      | Gained mutation: You have a pair of small antennae on your head. [demonic ancestry]
  2575 | D:2      | Reached XP level 4. HP: 35/35 MP: 6/6
  3005 | D:2      | Found a stormy altar of Qazlal.
  3005 | D:2      | Found a shattered altar of Ashenzari.
  3116 | D:2      | Reached ** piety under Lugonu
  3224 | D:3      | Found a faded altar to an unknown god.
  3343 | D:3      | Found a shadowy altar of Dithmenos.
  3483 | D:3      | Found a radiant altar of Vehumet.
  3829 | D:3      | Reached XP level 5. HP: 42/42 MP: 7/7
  4404 | D:4      | Slain by an orc priest

Skill      XL: |  1  2  3  4  5 |
---------------+----------------+-----
Armour         | 2 3 |  3.1
Dodging        | 1 2 |  2.1
Throwing       | 1 |  1.5
Long Blades    | 2 |  2.5
Invocations    | 3 |  3.1
Fighting       | |  3.8
Stealth        | |  0.4

Action                   |  1- 3 |  4- 6 || total
-------------------------+-------+-------++-------
Melee: Falchion          |   122 |   131 ||   253
       Dagger            |       |    14 ||    14
Throw: Stone             |     9 |    15 ||    24
Invok: Depart the Abyss  |     1 |       ||     1
  Use: Scroll            |     3 |     1 ||     4
  Eat: Bread ration      |     1 |       ||     1
       Chunk             |     1 |     1 ||     2
       Meat ration       |       |     1 ||     1
Armor: Leather armour    |    18 |       ||    18
       Ring mail         |    38 |    22 ||    60
       Chain mail        |       |    62 ||    62
Dodge: Dodged            |    96 |    76 ||   172
